AoeStats
← All Conquistadors Are BSTRD

Oasis

509559130Analyzed
2v2 RM · 6d ago on Sep 27, 2026· 29m 47s· 4 players
Game mode
Random Map
Map size
Medium (4 player)
Population
200
Speed
Normal
Resources
Standard
Victory
Conquest
Starting age
Dark Age
Ending age
Imperial Age
RankedLock teamsTeams togetherTeam positionsShared explorationLock speedFull tech treeHidden civsTurbo modeCheats
Victory
Defeat
🇹🇷 Georgians · Türkiye
1580
+11
1357
+21
🇻🇳 Dravidians · Vietnam
1475
-16
🇦🇺 Romans · Australia
1462
-16
DEXXTER
9:11 Loom
11:02 Feudal Age
12:20 Double-Bit Axe
12:16 Horse Collar
18:16 Castle Age
17:24 Gold Mining
18:39 Pikeman
19:44 Squires
Mattila_the_Hunt
8:30 Loom
10:38 Feudal Age
14:35 Castle Age
15:12 Double-Bit Axe
17:46 Bow Saw
18:08 Horse Collar
23:46 Pikeman
24:27 Squires
24:40 Squires
26:58 Wheelbarrow
All Conquistadors Are BSTRD
7:40 Loom
10:20 Feudal Age
10:25 Man-at-Arms
14:17 Horse Collar
14:59 Town Watch
19:49 Castle Age
17:40 Double-Bit Axe
17:36 Horse Collar
18:08 Gold Mining
19:02 Bloodlines
19:47 Scale Barding Armor
19:53 Forging
24:50 Wheelbarrow
26:41 Chain Barding Armor
30:22 Husbandry
DerAdler
4:08 Loom
10:47 Feudal Age
14:56 Castle Age
13:51 Stone Mining
13:49 Double-Bit Axe
26:19 Town Watch
26:25 Horse Collar
Connection lost

Rejoining the realm…

Still unreachable

The connection could not be restored.

Session expired

The server has moved on; the page needs a fresh start.